 Dungeon Crawl Stone Soup version 0.25-a0-578-gc91f01c39c (webtiles) character file.

Game seed: 2157449155517712090, levelgen mode: deterministic

2603 DerDa the Chiller (level 9, -10/56 (57) HPs)
             Began as a Demonspawn Ice Elementalist on Mar 5, 2020.
             Was an Initiate of Sif Muna.
             Mangled by a two-headed ogre
             ... wielding a +0 giant club
              (18 damage)
             ... on level 8 of the Dungeon.
             The game lasted 00:27:41 (6775 turns).

DerDa the Chiller (Demonspawn Ice Elementalist)     Turns: 6775, Time: 00:27:41

HP:   -10/56 (57)   AC: 12    Str:  8    XL:     9   Next: 33%
MP:   5/19          EV: 14    Int: 19    God:    Sif Muna [......]
Gold: 363           SH:  0    Dex: 15    Spells: 7/22 levels left

rFire    . . .     SeeInvis .   J - +2 whip (freeze)
rCold    . . .     Gourm    .   (no shield)
rNeg     . . .     Faith    .   e - +0 leather armour (curse)
rPois    .         Spirit   .   (no helmet)
rElec    .         Reflect  .   (no cloak)
rCorr    .         Harm     .   D - +0 pair of gloves
MR       .....                  K - +0 pair of boots (curse)
Stlth    ++........             j - amulet of regeneration
HPRegen  0.58/turn              B - ring of wizardry
MPRegen  0.16/turn              (no ring)

@: icy armour
A: claws 1, talons 2, powered by death 1
a: Renounce Religion


You were on level 8 of the Dungeon.
You worshipped Sif Muna.
Sif Muna was noncommittal.
You were hungry.

You visited 2 branches of the dungeon, and saw 9 of its levels.

You collected 363 gold pieces.

Inventory:

Hand Weapons
 s - a +0 long sword
 I - a cursed -3 spear
 J - a +2 whip of freezing (weapon)
Missiles
 i - 218 stones
 k - 13 poisoned darts (quivered)
 q - 24 sling bullets
 w - 3 curare-tipped darts
Armour
 a - a +0 robe
 e - a cursed +0 leather armour (worn)
 D - a +0 pair of gloves (worn)
 E - a +2 leather armour of magic resistance
 G - a +0 kite shield
 K - a cursed +0 pair of boots (worn)
Jewellery
 j - an amulet of regeneration (around neck)
 B - a ring of wizardry (left hand)
Wands
 u - a wand of random effects (35)
 y - a wand of iceblast (10)
Scrolls
 b - 2 scrolls of enchant armour {unknown}
 m - a scroll of blinking
 n - 2 scrolls of amnesia
 p - 2 scrolls of magic mapping
 t - 4 scrolls of teleportation
 v - 5 scrolls of enchant weapon
 C - 2 scrolls of fear {unknown}
 L - a scroll of remove curse
Potions
 d - 3 potions of heal wounds {unknown}
 f - 4 potions of mutation {unknown}
 g - 4 potions of curing {unknown}
 h - 2 potions of resistance {unknown}
 l - a potion of berserk rage {unknown}
 o - a potion of invisibility {unknown}
 r - 2 potions of brilliance {unknown}
 x - 2 potions of flight {unknown}
 z - a potion of cancellation {unknown}
 A - a potion of haste {unknown}
 F - a potion of stabbing {unknown}
Comestibles
 c - 13 rations


   Skills:
 + Level 4.5 Dodging
 - Level 1.7 Stealth
 * Level 7.0 Spellcasting
 + Level 3.3 Charms
 + Level 3.8 Summonings
 * Level 7.7 Ice Magic


You had 7 spell levels left.
You knew the following spells:

 Your Spells              Type           Power        Failure   Level  Hunger
a - Freeze                Ice            ####         1%          1    None
b - Frozen Ramparts       Ice            #####.       1%          3    #......
c - Ozocubu's Armour      Chrm/Ice       ####....     1%          3    #......
d - Summon Ice Beast      Ice/Summ       ####....     6%          4    ###....
e - Hailstorm             Conj/Ice       ###.....     12%         4    ###....

Your spell library contained the following spells:

 Spells                   Type           Power        Failure   Level  Hunger
 Summon Lightning Spire   Summ/Air       ##......     26%         4    ###....
 Silence                  Hex/Air        #.........   82%         5    #####..
 Deflect Missiles         Chrm/Air       ##........   98%         6    ######.
 Conjure Ball Lightning   Conj/Air       #.........   100%        6    ######.
 Tornado                  Air            #.........   100%        9    #######


Dungeon Overview and Level Annotations

Branches:
Dungeon (8/15)             Temple (1/1) D:5
   Lair: D:8-11

Altars:
Ashenzari
Cheibriados
Dithmenos
Elyvilon
Fedhas
Gozag
Hepliaklqana
Kikubaaqudgha
Makhleb
Nemelex Xobeh
Okawaru
Qazlal
Ru
Sif Muna
Trog
Uskayaw
Vehumet
Wu Jian
Xom
Yredelemnul
Zin
The Shining One

Shops:
D:4 :

Annotations:
D:5 2 runed translucent doors, dracos369's ghost, novice MfSk
D:8 exclusion: killer bee


Innate Abilities, Weirdness & Mutations

You have sharp fingernails.
You have razor-sharp toenails.
You regenerate a little health from kills.


Message History

Casting: Summon Ice Beast (safe; 6% risk of failure)
Confirm with . or Enter, or press ? or * to list all spells.
A chill wind blows around you.
Your ice beast barely misses the two-headed ogre.
The two-headed ogre hits you with a +0 giant club!
The two-headed ogre hits you with a +0 giant spiked club!
Your ice beast barely misses the two-headed ogre.
You swap places.
Your ice beast hits the two-headed ogre.
Your ice beast freezes the two-headed ogre!
Your ice beast barely misses the two-headed ogre.
Casting: Summon Ice Beast (safe; 6% risk of failure)
Confirm with . or Enter, or press ? or * to list all spells.
A film of ice covers your body!
Your ice beast hits the two-headed ogre.
Your ice beast freezes the two-headed ogre!
The two-headed ogre hits you with a +0 giant club!!
* * * LOW HITPOINT WARNING * * *
The two-headed ogre hits you with a +0 giant spiked club!!
You die...

#######... #. #.#
.......... .##. ####.##
......... ... .## #......
......... #.# ..# #......
........# #.# #.# #......
........# #.# #.# #......
.......Y###.###.###......
......YYO.....#..##......
........@.....##†##......
######............#......
#............#......
#..................#
######.##..........#
#.##..........#
#.##..........# #
#.##..........# #.
####.######......#


You could see a two-headed ogre and 3 friendly ice beasts.

Vanquished Creatures
  Pikel (D:7)
  A centaur zombie (D:8)
  A hippogriff (D:7)
  A sky beast (D:5)
  A phantom (D:6)
  2 slaves (D:7)
  A necrophage (D:8)
  An ogre (D:4)
  2 centaurs
  A bullfrog (D:6)
  A howler monkey (D:6)
  2 crimson imps (D:6)
  A centaur skeleton (D:6)
  2 orc priests
  5 orc wizards
  A bullfrog skeleton (D:5)
  Natasha (thrice) (D:4)
  An iguana (D:5)
  A worker ant (D:4)
  A hound skeleton (D:8)
  3 gnolls (D:8)
  A howler monkey skeleton (D:7)
  17 adders
  A shadow imp (D:4)
  4 oozes
  4 worms
  3 leopard geckos
  9 orcs
  3 bats
  7 giant cockroaches
  6 goblins
  7 hobgoblins
  10 jackals
  7 quokkas
  7 frilled lizards
  3 kobolds
  2 quokka skeletons
  7 rats
131 creatures vanquished.

Vanquished Creatures (collateral kills)
  Grinder (D:4)
  Menkaure (D:4)
  Edmund (D:6)
  2 phantoms
  A hound (D:6)
6 creatures vanquished.

Grand Total: 137 creatures vanquished

Notes
Turn   | Place    | Note
-------+----------+-------------------------------------------
     0 | D:1      | DerDa the Demonspawn Ice Elementalist began the quest for
                  | the Orb.
     0 | D:1      | Reached XP level 1. HP: 13/13 MP: 3/3
   397 | D:1      | Gained mutation: You regenerate a little health from kills.
                  | [demonic ancestry]
   397 | D:1      | Reached XP level 2. HP: 19/19 MP: 1/5
   747 | D:2      | You fall into a shaft and drop 2 floors!
   788 | D:4      | Noticed an ogre
   914 | D:4      | Reached XP level 3. HP: 17/24 MP: 2/7
  1031 | D:3      | Found an opulent altar of Gozag.
  1151 | D:2      | Found a snail-covered altar of Cheibriados.
  1521 | D:2      | Reached XP level 4. HP: 28/30 MP: 4/8
  1794 | D:2      | HP: 1/30 [worm (11)]
  2174 | D:3      | Learned a level 3 spell: Frozen Ramparts
  2178 | D:3      | Learned a level 3 spell: Ozocubu's Armour
  2291 | D:3      | Found a shimmering altar of Xom.
  2423 | D:3      | Gained mutation: You have sharp fingernails. [demonic
                  | ancestry]
  2423 | D:3      | Reached XP level 5. HP: 35/35 MP: 4/10
  2600 | D:3      | Reached skill level 5 in Ice Magic
  2810 | D:4      | Noticed Menkaure
  2873 | D:4      | Killed an ogre
  2873 | D:4      | Reached XP level 6. HP: 30/41 MP: 2/12
  2954 | D:4      | Found a glowing silver altar of Zin.
  2978 | D:4      | Noticed Natasha
  2983 | D:4      | Killed Natasha
  3059 | D:4      | Noticed Natasha
  3066 | D:4      | Noticed Grinder
  3067 | D:4      | Killed Natasha
  3172 | D:4      | Paralysed by Grinder for 4 turns
  3179 | D:4      | Paralysed by Grinder for 5 turns
  3193 | D:4      | Paralysed by Grinder for 2 turns
  3268 | D:4      | Noticed Natasha
  3279 | D:4      | Killed Natasha
  3299 | D:4      | Found Kiughog's Book Shop.
  3328 | D:4      | Learned a level 4 spell: Summon Ice Beast
  3517 | D:5      | Entered Level 5 of the Dungeon
  3690 | D:5      | Found a runed translucent door.
  3696 | D:5      | Noticed dracos369's ghost (novice MfSk)
  3740 | D:5      | Found a staircase to the Ecumenical Temple.
  3746 | Temple   | Entered the Ecumenical Temple
  3933 | D:5      | Noticed a sky beast
  3939 | D:5      | Found a runed translucent door.
  3942 | D:5      | Killed a sky beast
  3959 | D:5      | Gained mutation: You have sharp toenails. [demonic
                  | ancestry]
  3959 | D:5      | Reached XP level 7. HP: 46/46 MP: 6/14
  4093 | D:5      | Reached skill level 1 in Summonings
  4098 | D:5      | Reached skill level 5 in Spellcasting
  4098 | D:5      | Reached skill level 1 in Charms
  4136 | D:4      | Learned a level 4 spell: Hailstorm
  4234 | D:4      | Killed Menkaure
  4561 | D:4      | Killed Grinder
  5061 | D:6      | Found a basalt altar of Yredelemnul.
  5202 | D:6      | Reached XP level 8. HP: 47/52 MP: 13/16
  5269 | D:6      | Noticed Edmund
  5470 | D:6      | Killed Edmund
  5683 | D:6      | Found a white marble altar of Elyvilon.
  5965 | D:7      | Found a shimmering blue altar of Sif Muna.
  5971 | D:7      | Became a worshipper of Sif Muna the Loreminder
  5975 | D:7      | Found a hide-covered altar of Uskayaw.
  5976 | D:7      | Found a radiant altar of Vehumet.
  5977 | D:7      | Found a blossoming altar of Fedhas.
  5979 | D:7      | Found a glowing golden altar of the Shining One.
  5980 | D:7      | Found a shadowy altar of Dithmenos.
  6113 | D:7      | Noticed a hippogriff
  6122 | D:7      | Killed a hippogriff
  6215 | D:7      | Noticed Pikel
  6235 | D:7      | Killed Pikel
  6235 | D:7      | Gained mutation: You have razor-sharp toenails. [demonic
                  | ancestry]
  6235 | D:7      | Reached XP level 9. HP: 44/57 MP: 1/18
  6769 | D:8      | Noticed a two-headed ogre
  6775 | D:8      | Mangled by a two-headed ogre

Levels and vault maps discovered:
D:1:      minmay_arrival_arboretum_small, layout_rooms, serial_corexii_hall,
          corexii_hall_statues_u, corexii_hall_statues_deadend
D:2:      layout_loops_corners, nicolae_overflow_hidden_temple
D:3:      layout_basic, xom_butterflies, nicolae_gozag_seed_capital
D:4:      layout_loops_ring, lemuel_doored_altar, serial_shops, shop,
          uniq_natasha, uniq_grinder, uniq_menkaure
D:5:      layout_basic, minmay_temple_entry_fiery, ebering_ghost_sewer_f,
          first_ration, kennysheep_generic_room_6
D:6:      layout_rooms, lemuel_crystal_altar, lemuel_crystal_altar,
          kennysheep_donut, uniq_edmund
D:7:      layout_basic, minitemple, uniq_pikel
D:8:      layout_basic
Temple:   zaba_magenta_temple

Skill      XL: |  1  2  3  4  5  6  7  8  9 |
---------------+----------------------------+-----
Ice Magic      | 4 5 6 7 |  7.7
Spellcasting   | 3 4 5 6 7 |  7.0
Dodging        | 2 3 4 |  4.5
Summonings     | 2 3 |  3.8
Charms         | 1 3 |  3.3
Stealth        | |  1.7

Action                   |  1- 3 |  4- 6 |  7- 9 || total
-------------------------+-------+-------+-------++-------
Melee: Club              |     7 |     4 |       ||    11
       Long sword        |       |    16 |    34 ||    50
       Kick              |       |       |    11 ||    11
       Whip              |       |       |    58 ||    58
Throw: Dart              |       |     2 |       ||     2
 Cast: Freeze            |    49 |   110 |    99 ||   258
       Frozen Ramparts   |       |     9 |     4 ||    13
       Ozocubu's Armour  |       |     3 |     8 ||    11
       Summon Ice Beast  |       |       |    19 ||    19
       Hailstorm         |       |       |     1 ||     1
Evoke: Wand              |       |     2 |       ||     2
  Use: Scroll            |       |       |     7 ||     7
  Eat: Chunk             |     2 |     9 |     8 ||    19
       Ration            |       |       |     1 ||     1
Armor: Robe              |    20 |    14 |    17 ||    51
       Leather armour    |       |       |    29 ||    29
Dodge: Dodged            |    52 |    59 |   117 ||   228
       Rpst.: Long sword |       |     9 |    24 ||    33

Table legend:
 A = Non-vault XP
 B = Vault XP
 C = Vault XP percentage of total XP
 D = Non-vault monster count
 E = Vault monster count
 F = Vault count percentage of total count
                 A         B        C        D         E       F
            +---------+---------+-------+---------+---------+-------
      Total |    2707 |    1012 |  27.2 |     128 |       7 |   5.2
            +---------+---------+-------+---------+---------+-------
        D:1 |      22 |       0 |   0.0 |      13 |       0 |   0.0
        D:2 |      50 |       0 |   0.0 |      17 |       0 |   0.0
        D:3 |     168 |       0 |   0.0 |      37 |       0 |   0.0
        D:4 |     309 |     249 |  44.6 |      13 |       3 |  18.8
        D:5 |     393 |      74 |  15.8 |      14 |       2 |  12.5
        D:6 |     694 |      96 |  12.2 |      23 |       1 |   4.2
        D:7 |     368 |     593 |  61.7 |       3 |       1 |  25.0
        D:8 |     703 |       0 |   0.0 |       8 |       0 |   0.0
            +---------+---------+-------+---------+---------+-------
